 Dungeon Crawl Stone Soup version 0.31-a0-625-gc9c7e45f3f (webtiles) character file.

Game seed: 9418213138464275484

55 GordonOverkill the Sneak (level 3, 0/20 HPs)
             Began as a Vine Stalker Delver on Aug 24, 2023.
             Slain by a river rat (2 damage)
             ... on level 3 of the Dungeon.
             The game lasted 00:04:29 (692 turns).

GordonOverkill the Sneak (Vine Stalker Delver)       Turns: 692, Time: 00:04:30

Health: 0/20       AC:  3    Str: 14    XL:     3   Next: 93%
Magic:  0/6        EV: 11    Int: 12    God:
Gold:   100        SH:  0    Dex: 15    Spells: 5/5 levels left

rFire   . . .        a - +0 short sword
rCold   . . .        (no shield)
rNeg    . . .        b - +0 leather armour
rPois   .            (no helmet)
rElec   .            (no cloak)
rCorr   .            (no gloves)
SInv    .            (no boots)
Will    .....        (no amulet)
Stlth   ++           (no ring)
HPRegen 0.23/turn    (no ring)
MPRegen 0.10/turn

%: guardian spirit
@: hasted, quick
A: fangs 2, magic shield, antimagic bite, no potion heal 2
a: no special abilities


You were on level 3 of the Dungeon.
You visited 1 branch of the dungeon, and saw 4 of its levels.

You collected 100 gold pieces.

Inventory:

Hand Weapons
 a - a +0 short sword (weapon)
Missiles
 e - a throwing net
Armour
 b - a +0 leather armour (worn)
 h - a +0 plate armour
Wands
 g - a wand of digging (3)
Scrolls
 c - 2 scrolls of fog
 d - a scroll of identify {unknown}
 j - a scroll of blinking {unknown}
 k - 2 scrolls of torment {unknown}
 l - a scroll of brand weapon {unknown}
 m - a scroll of enchant armour {unknown}
 n - a scroll of noise {unknown}
Potions
 i - 2 potions of might {unknown}


   Skills:
 - Level 3.0 Fighting
 - Level 1.7 Short Blades
 - Level 1.5 Dodging
 - Level 6.0 Stealth
 + Level 1.6 Spellcasting
 + Level 1.5 Conjurations
 + Level 1.5 Fire Magic


You had 5 spell levels left.
You didn't know any spells.
Your spell library contained the following spells:

 Spells                   Type           Power      Damage    Failure   Level
 Cause Fear               Hex            0%         N/A       98%         4
 Fireball                 Conj/Fire      2%         3d4       99%         5
 Dragon's Call            Summ           0%         N/A       100%        9


Dungeon Overview and Level Annotations

Branches:
Dungeon (6/15)
 Temple: D:4-7

Altars:

Shops:
D:4 [

Annotations:
D:4 exclusion: downstairs
D:5 exclusions: downstairs, orc, phantom and scorpion, Pikel


Innate Abilities, Weirdness & Mutations

You have extremely sharp teeth.
When hurt, damage is shared between your health and your magic reserves.
Your bite disrupts and absorbs the magic of your enemies.
Potions cannot restore your health.


Message History

The river rat misses you.
You hit the river rat but do no damage.
The river rat is moderately wounded.
The river rat bites you.
* * * LOW HITPOINT WARNING * * *
Okay, then.
You feel yourself speed up. The river rat misses you.
You hit the river rat.
The river rat is severely wounded.
You hit the river rat.
You bite the river rat, but do no damage.
The river rat is almost dead.
The river rat closely misses you.
You hit the river rat but do no damage.
You bite the river rat, but do no damage.
The river rat is almost dead.
You closely miss the river rat. Your bite misses the river rat.
The river rat is almost dead.
The river rat closely misses you.
You hit the river rat but do no damage.
The river rat is almost dead.
You hit the river rat.
You kill the river rat!
You see here a river rat corpse.
You enter the shallow water.
Moving in this stuff is going to be slow.
Okay, then.
A river rat and a worm come into view.
You hear the brisk rusting of a drain very nearby.
The river rat bites you.
* * * LOW HITPOINT WARNING * * *
Your unstable footing causes you to fumble your attack.
The river rat attacks as it pursues you!
The river rat bites you.
* * * LOW HITPOINT WARNING * * *
The river rat attacks as it pursues you!
The river rat misses you.
The river rat attacks as it pursues you!
The river rat misses you. The river rat bites you.
You die...

.................# .#
.########.####.### #.#
.# #.# #...# ...#
.########.####.#.###.#.#
...........##...†......#
#########..##....~.....#
###..##..~~~~~.~.#
#....######~#~#~~#
#.##.# #~r@~~~~~~#
#.##.# #~#########
#.##.# #~~~~~~# #.##.#
####w#~# ### #.##.#
#~~~~# ..# #.##.# #~##~#
#.## #.##.# # ~~# ...#
#.##.# ~## #..# #.##.# #
#~


You could see a river rat.

Vanquished Creatures
  A river rat (D:3)
  3 adders
  A worm (D:3)
  A dart slug (D:4)
  A bat (D:3)
  An endoplasm (D:4)
  A giant cockroach (D:3)
  A goblin (D:3)
  A hobgoblin (D:3)
  3 kobolds (D:3)
  A frilled lizard (D:3)
  A rat (D:3)
16 creatures vanquished.

Notes
Turn   | Place    | Note
-------+----------+-------------------------------------------
     0 | D:5      | GordonOverkill the Vine Stalker Delver began the quest for
                  | the Orb.
     0 | D:5      | Reached XP level 1. HP: 11/11 MP: 2/2
    11 | D:5      | Noticed a phantom
    26 | D:6      | Noticed a gnoll sergeant
    41 | D:6      | Noticed an ice beast
   100 | D:5      | Noticed a scorpion
   104 | D:5      | Noticed a water moccasin
   119 | D:5      | Noticed Pikel
   119 | D:5      | Noticed a lemure
   119 | D:5      | Noticed a lemure
   119 | D:5      | Noticed a lemure
   120 | D:5      | Noticed a phantom
   162 | D:4      | Found Ocyibex's Antique Armour Shop.
   231 | D:4      | Reached XP level 2. HP: 16/16 MP: 2/4
   420 | D:3      | Reached skill level 1 in Conjurations
   423 | D:3      | Reached skill level 1 in Spellcasting
   423 | D:3      | Reached skill level 1 in Fire Magic
   423 | D:3      | Reached XP level 3. HP: 20/20 MP: 5/5
   689 | D:3      | HP: 1/20 [river rat (4)]
   692 | D:3      | Slain by a river rat

Illustrated notes

Levels and vault maps discovered:
D:3:      layout_loops_ring, lightli_sewer_entry_pipes
D:4:      layout_layer_cave, mainiacjoe_overflow_alcove_4,
          minmay_temple_entry_enclosed_plants, serial_shops,
          nicolae_shop_hallway_stairs, shop, nicolae_shop_tiny_waterfront,
          solitary_fountain
D:5:      layout_rooms, dreamdust_mushroom_princess, minmay_tree_intersection,
          uniq_pikel
D:6:      layout_gridville, nicolae_overflow_hidden_temple

Skill      XL: |  1  2 |
---------------+-------+-----
Conjurations   | 1 |  1.5
Fighting       | 3 |  3.0
Spellcasting   | 1 |  1.6
Fire Magic     | 1 |  1.5
Short Blades   | |  1.7
Dodging        | |  1.5
Stealth        | |  6.0

Action                     || total
---------------------------++-------
  Melee: Short sword       ||    64
         Bite              ||    13
    Use: Scroll            ||     3
         Potion            ||     1
   Stab: Sleeping          ||     6
 Armour: Leather armour    ||     9
  Dodge: Dodged            ||    30

Table legend: (Time is in decaauts)
 A = Elapsed time spent in this place.
 B = Non-inter-level travel time spent in this place.
 C = Inter-level travel time spent in this place.
 D = Time resting spent in this place.
 E = Time spent auto-exploring this place.
 F = Levels seen in this place.
 G = Mean time per level.
                   A        B        C        D        E       F      G
               +--------+--------+--------+--------+--------+-----+--------+
         Total |    684 |    655 |     29 |     59 |      0 |   4 |  171.0 |
       Dungeon |    684 |    655 |     29 |     59 |      0 |   4 |  171.0 |
               +--------+--------+--------+--------+--------+-----+--------+

Top non-repeatable levels by time:
     D:3: 359 daAuts
     D:4: 174 daAuts
     D:5: 118 daAuts
     D:6: 31 daAuts
